Map: Golden Wall LE

Players

Massa

  • Race: Terran Terran
  • League: Platinum
  • Spawn Location: 7:00

chrisborg - Winner!

  • Race: Protoss Protoss
  • League: Platinum
  • Spawn Location: 5:00

VOD

Have the link to the VOD?

Description

Time

  • Played on: Sept. 26, 2020, 7:02 a.m.
  • Length: 10:23
Show
View Real Time Build Order
Export as new Build Order

Massa Terran 

Build Orders: Reaper Expand 

Get SALT Encoding   

  12  0:00  SCV  
  13  0:12  SCV  
  14  0:17  Supply Depot  
  14  0:24  SCV  
  15  0:39  SCV  
  15  0:40  Barracks  
  16  0:45  Refinery  
  16  0:51  SCV  
  17  1:03  SCV  
  18  1:15  SCV  
  19  1:29  Orbital Command  
  19  1:30  Reaper  
  20  1:43  Command Center  
  20  1:55  Supply Depot  
  20  1:56  SCV  
  21  2:02  Marine  
  22  2:10  Factory  
  22  2:29  Barracks Reactor  
  22  2:50  SCV  
  22  2:54  Orbital Command  
  22  3:01  Starport  
  22  3:02  SCV  
  23  3:13  Hellion x2  
  23  3:16  SCV  
  28  3:21  Barracks Tech Lab  
  28  3:28  SCV  
  29  3:34  Hellion x2  
  29  3:40  Marauder  
  35  3:54  Bunker  
  35  4:01  Marauder  
  30  4:21  Bunker  
  30  4:23  Bunker, Marauder  
  30  4:45  Supply Depot  
  30  4:46  Widow Mine  
  30  4:50  Widow Mine  
  26  5:01  Marauder  
  28  5:09  Supply Depot  
  28  5:11  Orbital Command, Supply Depot  
  13  5:37  SCV  
  14  5:49  SCV  
  15  5:59  Barracks Tech Lab  
  15  6:00  Starport Tech Lab  
  15  6:06  Supply Depot  
  15  6:09  Supply Depot  
  15  6:15  Command Center  
  15  6:28  Banshee, Marauder, SCV  
  21  6:40  SCV  
  21  6:44  Refinery  
  21  6:45  Command Center  
  22  6:52  SCV  
  23  7:04  SCV  
  25  7:16  SCV, Marauder  
  26  7:28  SCV  
  27  7:39  Marauder  
  27  7:40  SCV  
  30  7:45  Refinery  
  29  7:59  Orbital Command  
  28  8:16  Bunker  
  27  8:25  Orbital Command  
  24  8:27  SCV  
  24  8:28  Barracks Tech Lab  
  24  8:29  Starport Tech Lab  
  16  8:39  SCV  
  17  8:46  Bunker  
  17  8:51  SCV  
  17  8:52  Refinery  
  17  8:53  Refinery  
  18  9:02  Marine  
  19  9:05  SCV  
  20  9:17  SCV  
  20  9:20  Marine  
  22  9:26  Supply Depot  
  22  9:30  SCV, Supply Depot  
  22  9:40  Orbital Command  
  22  9:42  SCV  
  22  9:51  Barracks  
  19  9:54  SCV  
  20  10:06  SCV  
Show
View Real Time Build Order
Export as new Build Order

chrisborg Protoss - Winner!

Build Orders:  

Get SALT Encoding   

  12  0:00  Probe  
  13  0:13  Pylon  
  13  0:18  Probe  
  14  0:30  Probe  
  15  0:38  Gateway  
  15  0:42  Probe (Chrono Boost)  
  16  0:47  Assimilator  
  16  0:53  Probe (Chrono Boost)  
  17  1:01  Probe (Chrono Boost)  
  17  1:02  Assimilator  
  18  1:14  Probe (Chrono Boost)  
  19  1:19  Pylon  
  19  1:21  Probe (Chrono Boost)  
  20  1:29  Cybernetics Core  
  20  1:37  Probe  
  21  1:49  Probe  
  22  2:01  Probe  
  22  2:06  Pylon  
  23  2:11  Stalker  
  23  2:13  Probe  
  26  2:16  Pylon  
  26  2:28  Robotics Facility  
  26  2:30  Robotics Facility  
  26  2:31  Probe (Chrono Boost)  
  27  2:41  Probe (Chrono Boost)  
  27  2:51  Probe  
  28  3:03  Probe  
  29  3:19  Immortal (Chrono Boost)  
  37  3:23  Immortal (Chrono Boost)  
  37  3:27  Shield Battery x2  
  37  3:29  Probe  
  37  4:16  Immortal x2  
  45  4:19  Stalker (Chrono Boost)  
  47  4:28  Pylon  
  47  4:30  Pylon  
  46  4:36  Probe  
  40  4:48  Probe  
  41  4:59  Immortal  
  49  5:00  Immortal  
  49  5:44  Gateway  
  49  5:46  Gateway  
  49  5:47  Gateway  
  49  5:48  Warp Gate  
  49  5:50  Gateway  
  49  6:14  Nexus  
  49  6:16  Probe  
  50  6:29  Probe  
  51  6:58  Stalker x4  
  59  7:13  Probe  
  60  7:25  Probe  
  61  7:41  Stalker  
  61  7:42  Stalker x4  
  71  8:08  Probe x2  
  73  8:39  Immortal  
  77  9:16  Probe  
  78  9:17  Pylon  
  78  9:19  Pylon  
  78  9:20  Pylon  
  78  9:35  Probe, Immortal  
  83  10:04  Stalker x4  
  83  10:05  Stalker  
Tags
 
Add a new tag
Caveats
  • Supply blocks, unpowered buildings, or Contaminate may cause inaccurate times.
  • Supply counts are checked every 10 seconds.